2348 views
Uploaded 2022-03-12 13:11:23
Game version 1.32.10
36:45 long 1on1on1on1 ladder game on (8)Sanctuary_LV
Saved by IIlIIlIllIII
2348 views
Uploaded 2022-03-12 13:11:23
Game version 1.32.10
36:45 long 1on1on1on1 ladder game on (8)Sanctuary_LV

59 units @ 8.2k
/ 1.1k
45 buildings @ 7.3k
/ 3.3k



| Healing Salve | 4 | 400 |
| Tiny Great Hall | 2 | 1200 |
| Orb of Lightning | 1 | 375 |
| Lesser Clarity Potion | 1 | 70 |
| Potion of Mana | 1 | 200 |
| Scroll of Town Portal | 7 | 2450 |
| Scroll of Healing | 7 | 1750 |
| Scroll of Protection | 1 | 150 |
| Staff of Teleportation | 1 | 150 |
| total: | 25 | 6745g |
| Peon | 27 | 2025 | / | 0 |
| Grunt | 4 | 800 | / | 0 |
| Troll Headhunter | 2 | 280 | / | 40 |
| Kodo Beast | 1 | 255 | / | 60 |
| Troll Batrider | 6 | 960 | / | 240 |
| Wind Rider | 4 | 1060 | / | 160 |
| Spirit Walker | 2 | 390 | / | 70 |
| Raider | 1 | 180 | / | 40 |
| Tauren | 2 | 560 | / | 160 |
| Shaman | 6 | 780 | / | 120 |
| Troll Witch Doctor | 2 | 290 | / | 50 |
| Goblin Shredder | 1 | 375 | / | 100 |
| Goblin Sapper | 1 | 215 | / | 100 |
| total: | 59 | 8170g | / | 1140w |
| Watch Tower | 11 | 1210 | / | 880 |
| Altar of Storms | 1 | 180 | / | 50 |
| Orc Burrow | 15 | 2400 | / | 600 |
| Barracks | 1 | 180 | / | 50 |
| Voodoo Lounge | 3 | 390 | / | 90 |
| Great Hall | 3 | 1155 | / | 555 |
| War Mill | 4 | 820 | / | 0 |
| Beastiary | 3 | 435 | / | 420 |
| Tauren Totem | 2 | 270 | / | 310 |
| Spirit Lodge | 2 | 300 | / | 300 |
| Stronghold | 1 | 315 | / | 190 |
| Fortress | 1 | 325 | / | 190 |
| total: | 45 | 7340g | / | 3255w |
| 0:01 | Peon |
| 0:04 | Altar of Storms |
| 0:07 | Peon |
| 0:18 | Orc Burrow |
| 0:33 | Barracks |
| 0:36 | Peon |
| 0:49 | Peon |
| 0:59 | Peon |
| 1:20 | Peon |
| 1:34 | Grunt |
| 1:37 | Grunt |
| 1:40 | Orc Burrow |
| 1:51 | Voodoo Lounge |
| 2:06 | Wind Walk |
| 2:32 | Grunt |
| 2:52 | Stronghold |
| 3:14 | Healing Salve |
| 3:14 | Healing Salve |
| 3:18 | Grunt |
| 3:43 | Critical Strike |
| 4:03 | Orc Burrow |
| 4:23 | Great Hall |
| 4:53 | War Mill |
| 4:54 | War Mill |
| 5:18 | Wind Walk |
| 5:21 | Peon |
| 5:37 | Fortress |
| 6:13 | Hex |
| 6:15 | Goblin Shredder |
| 6:55 | Peon |
| 6:56 | Peon |
| 6:56 | Peon |
| 6:56 | Peon |
| 7:12 | Healing Salve |
| 7:12 | Healing Salve |
| 7:17 | Troll Headhunter |
| 7:20 | Great Hall |
| 7:44 | Troll Headhunter |
| 7:55 | Beastiary |
| 7:57 | Beastiary |
| 8:19 | Berserker Upgrade |
| 8:25 | Peon |
| 8:32 | Critical Strike |
| 8:33 | Healing Wave |
| 8:43 | Reinforced Defenses |
| 8:44 | Beastiary |
| 8:47 | War Mill |
| 8:53 | Pillage |
| 9:30 | War Stomp |
| 9:37 | Liquid Fire |
| 9:39 | Kodo Beast |
| 9:41 | Tauren Totem |
| 9:42 | Tauren Totem |
| 9:48 | Orc Burrow |
| 9:53 | Peon |
| 9:53 | Peon |
| 9:53 | Peon |
| 9:54 | Peon |
| 10:00 | Orc Burrow |
| 10:02 | Orc Burrow |
| 10:40 | Backpack |
| 10:43 | Spirit Lodge |
| 10:47 | War Drums Damage Increase |
| 10:47 | Troll Batrider |
| 10:48 | Wind Rider |
| 10:53 | Orc Burrow |
| 10:57 | Healing Wave |
| 10:58 | Endurance Aura |
| 11:09 | Spirit Walker Adept Training |
| 11:10 | Spirit Walker |
| 11:29 | Raider |
| 11:37 | Scroll of Town Portal |
| 11:38 | Scroll of Healing |
| 11:39 | Scroll of Healing |
| 11:39 | Scroll of Protection |
| 11:45 | Tauren |
| 11:51 | Spirit Walker |
| 11:59 | Shaman |
| 12:19 | Spirit Lodge |
| 12:33 | Shaman |
| 12:34 | Spirit Walker Master Training |
| 13:05 | War Stomp |
| 13:12 | Shaman |
| 13:33 | Shaman Adept Training |
| 13:34 | Shaman |
| 13:35 | Orc Burrow |
| 13:45 | Pulverize |
| 13:45 | Steel Armor |
| 13:47 | Orc Burrow |
| 13:48 | Hex |
| 14:03 | Wind Walk |
| 14:05 | Wind Rider |
| 14:07 | Troll Batrider |
| 14:15 | Witch Doctor Adept Training |
| 14:17 | Steel Ranged Weapons |
| 14:18 | Spiked Barricades |
| 14:27 | Peon |
| 14:29 | Orc Burrow |
| 14:32 | Orc Burrow |
| 14:46 | Troll Regeneration |
| 14:59 | Shaman Master Training |
| 15:06 | Scroll of Healing |
| 15:09 | Ensnare |
| 15:09 | Envenomed Spears |
| 16:01 | Endurance Aura |
| 16:06 | Watch Tower |
| 16:07 | Watch Tower |
| 16:12 | War Mill |
| 16:18 | Wind Rider |
| 16:45 | Tiny Great Hall |
| 16:49 | Orb of Lightning |
| 16:54 | Troll Batrider |
| 16:58 | Thorium Armor |
| 17:07 | Tauren |
| 17:40 | Improved Spiked Barricades |
| 17:47 | Troll Witch Doctor |
| 17:48 | Witch Doctor Master Training |
| 18:40 | Wind Rider |
| 18:41 | Healing Wave |
| 18:44 | Watch Tower |
| 18:48 | Voodoo Lounge |
| 18:51 | Peon |
| 18:51 | Peon |
| 18:54 | Voodoo Lounge |
| 18:56 | Scroll of Town Portal |
| 18:58 | Scroll of Healing |
| 19:42 | War Stomp |
| 19:56 | Watch Tower |
| 20:01 | Arcanite Armor |
| 20:02 | Thorium Ranged Weapons |
| 20:10 | Orc Burrow |
| 20:30 | Troll Witch Doctor |
| 21:07 | Watch Tower |
| 21:11 | Watch Tower |
| 21:23 | Scroll of Town Portal |
| 21:24 | Staff of Teleportation |
| 22:13 | Bladestorm |
| 22:27 | Arcanite Ranged Weapons |
| 22:28 | Steel Melee Weapons |
| 22:31 | Scroll of Town Portal |
| 22:32 | Scroll of Healing |
| 22:36 | Watch Tower |
| 23:53 | Hex |
| 23:54 | Watch Tower |
| 23:59 | Shaman |
| 24:11 | Peon |
| 24:39 | Scroll of Town Portal |
| 24:39 | Scroll of Healing |
| 24:56 | Reincarnation |
| 25:58 | Critical Strike |
| 25:59 | Watch Tower |
| 26:00 | Thorium Melee Weapons |
| 26:05 | Troll Batrider |
| 26:12 | Shaman |
| 27:01 | Orc Burrow |
| 27:02 | Orc Burrow |
| 27:11 | Peon |
| 28:14 | Tiny Great Hall |
| 28:19 | Lesser Clarity Potion |
| 28:20 | Potion of Mana |
| 28:29 | Big Bad Voodoo |
| 28:30 | Endurance Aura |
| 28:43 | Troll Batrider |
| 28:44 | Arcanite Melee Weapons |
| 29:01 | Peon |
| 29:01 | Peon |
| 29:41 | Peon |
| 29:41 | Peon |
| 29:51 | Scroll of Town Portal |
| 29:52 | Scroll of Healing |
| 31:24 | Mirror Image |
| 31:32 | Troll Batrider |
| 31:34 | Peon |
| 31:39 | Great Hall |
| 31:42 | Orc Burrow |
| 31:43 | Watch Tower |
| 31:44 | Watch Tower |
| 32:03 | Scroll of Town Portal |
| 36:31 | Peon |
| 36:41 | Goblin Sapper |
| Select group | 2978 |
| Right click | 1738 |
| Chat | 1409 |
| Misc. action | 755 |
| Select | 719 |
| Assign group | 291 |
| Build/train/purchase | 237 |
| Use ability | 222 |
| Item give/drop | 24 |
| Esc | 9 |
68 units @ 11.6k
/ 1.8k
59 buildings @ 5.6k
/ 3k



| Scroll of Regeneration | 3 | 300 |
| Mechanical Critter | 2 | 100 |
| Orb of Fire | 2 | 650 |
| Potion of Healing | 1 | 150 |
| Staff of Sanctuary | 1 | 250 |
| Scroll of Town Portal | 6 | 2100 |
| Boots of Speed | 1 | 250 |
| Circlet of Nobility | 1 | 175 |
| Periapt of Vitality | 1 | 325 |
| Potion of Lesser Invulnerability | 1 | 150 |
| total: | 19 | 4450g |
| Peasant | 20 | 1500 | / | 0 |
| Footman | 12 | 1620 | / | 0 |
| Gryphon Rider | 12 | 3360 | / | 840 |
| Dragonhawk Rider | 13 | 2600 | / | 390 |
| Siege Engine | 3 | 585 | / | 180 |
| Spell Breaker | 6 | 1290 | / | 180 |
| Knight | 1 | 245 | / | 60 |
| Goblin Shredder | 1 | 375 | / | 100 |
| total: | 68 | 11575g | / | 1750w |
| Scout Tower | 30 | 900 | / | 600 |
| Arcane Tower | 6 | 420 | / | 300 |
| Guard Tower | 12 | 840 | / | 600 |
| Altar of Kings | 1 | 180 | / | 50 |
| Farm | 10 | 800 | / | 200 |
| Barracks | 2 | 320 | / | 120 |
| Lumber Mill | 2 | 240 | / | 0 |
| Arcane Vault | 1 | 130 | / | 30 |
| Town Hall | 5 | 1925 | / | 1025 |
| Blacksmith | 2 | 280 | / | 120 |
| Cannon Tower | 1 | 120 | / | 100 |
| Gryphon Aviary | 4 | 560 | / | 600 |
| Arcane Sanctum | 1 | 150 | / | 140 |
| Workshop | 1 | 140 | / | 140 |
| Keep | 1 | 320 | / | 210 |
| Castle | 1 | 360 | / | 210 |
| total: | 59 | 5625g | / | 3025w |
| 0:01 | Peasant |
| 0:02 | Peasant |
| 0:08 | Altar of Kings |
| 0:15 | Farm |
| 0:20 | Barracks |
| 0:21 | Barracks |
| 0:29 | Peasant |
| 0:45 | Peasant |
| 0:47 | Peasant |
| 0:51 | Farm |
| 0:57 | Peasant |
| 1:06 | Peasant |
| 1:20 | Peasant |
| 1:28 | Footman |
| 1:48 | Peasant |
| 1:49 | Footman |
| 2:02 | Footman |
| 2:14 | Summon Water Elemental |
| 2:18 | Lumber Mill |
| 2:41 | Farm |
| 2:43 | Scout Tower |
| 2:48 | Farm |
| 3:19 | Peasant |
| 3:19 | Peasant |
| 3:20 | Peasant |
| 3:20 | Peasant |
| 3:49 | Footman |
| 3:54 | Arcane Tower |
| 4:00 | Brilliance Aura |
| 4:08 | Arcane Vault |
| 4:11 | Farm |
| 4:12 | Farm |
| 4:26 | Town Hall |
| 5:07 | Peasant |
| 5:08 | Peasant |
| 5:15 | Scroll of Regeneration |
| 5:20 | Mechanical Critter |
| 5:20 | Mechanical Critter |
| 5:25 | Defend |
| 5:35 | Footman |
| 5:51 | Keep |
| 5:52 | Improved Lumber Harvesting |
| 5:59 | Summon Water Elemental |
| 6:36 | Goblin Shredder |
| 6:59 | Footman |
| 6:59 | Footman |
| 7:22 | Brilliance Aura |
| 7:25 | Footman |
| 7:26 | Footman |
| 7:46 | Footman |
| 7:48 | Improved Masonry |
| 7:50 | Blacksmith |
| 7:51 | Blacksmith |
| 7:54 | Peasant |
| 7:54 | Peasant |
| 7:55 | Peasant |
| 7:55 | Peasant |
| 7:55 | Peasant |
| 8:15 | Castle |
| 8:19 | Advanced Lumber Harvesting |
| 8:21 | Lumber Mill |
| 8:23 | Farm |
| 8:24 | Scout Tower |
| 8:25 | Farm |
| 8:26 | Scout Tower |
| 8:27 | Scout Tower |
| 8:28 | Scout Tower |
| 8:43 | Town Hall |
| 8:58 | Footman |
| 9:18 | Scout Tower |
| 9:19 | Scout Tower |
| 9:20 | Scout Tower |
| 9:21 | Scout Tower |
| 9:22 | Scout Tower |
| 9:24 | Scout Tower |
| 9:26 | Scout Tower |
| 9:35 | Storm Bolt |
| 9:55 | Scout Tower |
| 9:55 | Scout Tower |
| 9:57 | Scout Tower |
| 9:58 | Scout Tower |
| 10:09 | Guard Tower |
| 10:30 | Footman |
| 10:31 | Guard Tower |
| 10:34 | Gryphon Aviary |
| 10:35 | Gryphon Aviary |
| 10:36 | Gryphon Aviary |
| 10:37 | Gryphon Aviary |
| 10:40 | Farm |
| 10:41 | Farm |
| 10:43 | Animal War Training |
| 10:45 | Iron Forged Swords |
| 10:45 | Studded Leather Armor |
| 11:05 | Arcane Tower |
| 11:06 | Arcane Tower |
| 11:07 | Arcane Tower |
| 11:09 | Arcane Tower |
| 11:11 | Guard Tower |
| 11:17 | Thunder Clap |
| 11:41 | Storm Bolt |
| 11:46 | Orb of Fire |
| 12:06 | Holy Light |
| 12:07 | Storm Hammers |
| 12:07 | Gryphon Rider |
| 12:15 | Summon Water Elemental |
| 12:55 | Gryphon Rider |
| 13:08 | Guard Tower |
| 13:41 | Scroll of Town Portal |
| 13:50 | Steel Forged Swords |
| 13:50 | Reinforced Leather Armor |
| 13:59 | Scroll of Regeneration |
| 14:02 | Potion of Healing |
| 14:05 | Gryphon Rider |
| 14:12 | Guard Tower |
| 14:37 | Gryphon Rider |
| 14:40 | Cloud |
| 14:40 | Dragonhawk Rider |
| 14:45 | Divine Shield |
| 14:53 | Dragonhawk Rider |
| 14:55 | Dragonhawk Rider |
| 15:37 | Guard Tower |
| 15:59 | Dragonhawk Rider |
| 16:45 | Orb of Fire |
| 16:47 | Scroll of Town Portal |
| 16:48 | Staff of Sanctuary |
| 16:54 | Mithril Forged Swords |
| 16:55 | Dragonhide Armor |
| 16:56 | Iron Plating |
| 16:56 | Black Gunpowder |
| 17:07 | Arcane Sanctum |
| 17:09 | Workshop |
| 17:20 | Boots of Speed |
| 17:20 | Circlet of Nobility |
| 17:23 | Periapt of Vitality |
| 17:24 | Potion of Lesser Invulnerability |
| 18:21 | Dragonhawk Rider |
| 18:34 | Scroll of Town Portal |
| 18:40 | Dragonhawk Rider |
| 18:42 | Dragonhawk Rider |
| 19:01 | Dragonhawk Rider |
| 19:05 | Dragonhawk Rider |
| 19:47 | Town Hall |
| 19:49 | Scout Tower |
| 19:50 | Scout Tower |
| 19:50 | Scout Tower |
| 19:50 | Scout Tower |
| 19:51 | Scout Tower |
| 19:52 | Scout Tower |
| 19:52 | Scout Tower |
| 19:52 | Scout Tower |
| 19:58 | Dragonhawk Rider |
| 21:14 | Holy Light |
| 21:18 | Scroll of Town Portal |
| 21:31 | Barrage |
| 21:32 | Siege Engine |
| 21:37 | Control Magic |
| 21:38 | Magic Sentry |
| 21:39 | Spell Breaker |
| 21:39 | Spell Breaker |
| 21:42 | Refined Gunpowder |
| 21:42 | Steel Plating |
| 21:43 | Advanced Masonry |
| 21:45 | Knight |
| 21:50 | Gryphon Rider |
| 21:50 | Gryphon Rider |
| 22:21 | Scroll of Town Portal |
| 22:42 | Guard Tower |
| 22:43 | Guard Tower |
| 22:44 | Arcane Tower |
| 22:45 | Cannon Tower |
| 23:08 | Guard Tower |
| 23:55 | Siege Engine |
| 23:57 | Spell Breaker |
| 23:59 | Spell Breaker |
| 24:00 | Gryphon Rider |
| 24:00 | Gryphon Rider |
| 24:02 | Dragonhawk Rider |
| 24:53 | Dragonhawk Rider |
| 25:15 | Flak Cannons |
| 25:16 | Flying Machine Bombs |
| 26:18 | Town Hall |
| 26:23 | Town Hall |
| 26:43 | Thunder Clap |
| 27:09 | Scout Tower |
| 27:10 | Scout Tower |
| 27:11 | Scout Tower |
| 27:11 | Scout Tower |
| 27:12 | Scout Tower |
| 27:12 | Scout Tower |
| 28:14 | Gryphon Rider |
| 28:16 | Spell Breaker |
| 28:16 | Spell Breaker |
| 28:17 | Siege Engine |
| 28:26 | Scroll of Regeneration |
| 28:29 | Scroll of Town Portal |
| 28:45 | Guard Tower |
| 28:46 | Guard Tower |
| 28:57 | Dragonhawk Rider |
| 30:32 | Gryphon Rider |
| 31:24 | Gryphon Rider |
| 31:39 | Gryphon Rider |
| Right click | 1517 |
| Select group | 792 |
| Select | 687 |
| Misc. action | 428 |
| Assign group | 377 |
| Chat | 274 |
| Build/train/purchase | 242 |
| Use ability | 69 |
| Item give/drop | 3 |
| Remove unit | 1 |
39 units @ 5.2k
/ 1k
47 buildings @ 5.8k
/ 2.9k


| Lesser Clarity Potion | 9 | 630 |
| Scroll of Regeneration | 8 | 800 |
| Orb of Fire | 1 | 325 |
| Scroll of Town Portal | 1 | 350 |
| total: | 19 | 2105g |
| Peasant | 17 | 1275 | / | 0 |
| Footman | 5 | 675 | / | 0 |
| Knight | 3 | 735 | / | 180 |
| Flying Machine | 1 | 100 | / | 30 |
| Mortar Team | 9 | 1620 | / | 630 |
| Sorceress | 3 | 465 | / | 60 |
| Goblin Shredder | 1 | 375 | / | 100 |
| total: | 39 | 5245g | / | 1000w |
| Scout Tower | 19 | 570 | / | 380 |
| Guard Tower | 10 | 700 | / | 500 |
| Farm | 11 | 880 | / | 220 |
| Altar of Kings | 1 | 180 | / | 50 |
| Arcane Vault | 2 | 260 | / | 60 |
| Barracks | 1 | 160 | / | 60 |
| Lumber Mill | 1 | 120 | / | 0 |
| Town Hall | 8 | 3080 | / | 1640 |
| Blacksmith | 1 | 140 | / | 60 |
| Arcane Sanctum | 1 | 150 | / | 140 |
| Workshop | 2 | 280 | / | 280 |
| Keep | 1 | 320 | / | 210 |
| Castle | 1 | 360 | / | 210 |
| total: | 47 | 5820g | / | 2890w |
| 0:05 | Farm |
| 0:11 | Altar of Kings |
| 0:15 | Peasant |
| 0:15 | Peasant |
| 0:46 | Peasant |
| 0:46 | Peasant |
| 0:46 | Peasant |
| 0:50 | Arcane Vault |
| 1:05 | Farm |
| 1:19 | Peasant |
| 1:45 | Barracks |
| 1:53 | Peasant |
| 1:53 | Peasant |
| 2:01 | Farm |
| 2:22 | Summon Water Elemental |
| 2:37 | Peasant |
| 2:37 | Peasant |
| 3:08 | Footman |
| 3:08 | Footman |
| 3:08 | Peasant |
| 3:09 | Peasant |
| 3:25 | Lesser Clarity Potion |
| 3:25 | Lesser Clarity Potion |
| 4:12 | Footman |
| 4:12 | Footman |
| 4:13 | Keep |
| 4:19 | Scout Tower |
| 4:20 | Scout Tower |
| 4:23 | Brilliance Aura |
| 4:51 | Lesser Clarity Potion |
| 4:51 | Lesser Clarity Potion |
| 4:51 | Scroll of Regeneration |
| 5:27 | Lumber Mill |
| 6:08 | Defend |
| 6:17 | Summon Water Elemental |
| 6:30 | Farm |
| 6:33 | Improved Masonry |
| 6:33 | Improved Lumber Harvesting |
| 6:42 | Footman |
| 6:47 | Guard Tower |
| 6:49 | Scout Tower |
| 6:50 | Scout Tower |
| 6:58 | Scroll of Regeneration |
| 6:58 | Scroll of Regeneration |
| 6:58 | Lesser Clarity Potion |
| 6:58 | Lesser Clarity Potion |
| 7:03 | Castle |
| 7:14 | Farm |
| 7:25 | Farm |
| 7:53 | Guard Tower |
| 7:54 | Advanced Masonry |
| 9:03 | Scroll of Regeneration |
| 9:03 | Lesser Clarity Potion |
| 9:03 | Lesser Clarity Potion |
| 9:18 | Goblin Shredder |
| 9:33 | Storm Bolt |
| 10:22 | Scout Tower |
| 10:22 | Scout Tower |
| 10:24 | Imbued Masonry |
| 10:30 | Farm |
| 10:30 | Farm |
| 10:50 | Town Hall |
| 10:53 | Town Hall |
| 11:00 | Guard Tower |
| 11:46 | Blacksmith |
| 11:59 | Town Hall |
| 12:08 | Town Hall |
| 12:10 | Arcane Vault |
| 12:15 | Scout Tower |
| 12:16 | Farm |
| 12:17 | Scout Tower |
| 12:19 | Scout Tower |
| 12:25 | Scout Tower |
| 12:27 | Scout Tower |
| 12:32 | Scout Tower |
| 12:32 | Scout Tower |
| 12:34 | Farm |
| 12:43 | Arcane Sanctum |
| 13:06 | Workshop |
| 13:09 | Workshop |
| 13:13 | Guard Tower |
| 13:17 | Scout Tower |
| 13:18 | Scout Tower |
| 13:20 | Peasant |
| 13:22 | Scout Tower |
| 13:23 | Scout Tower |
| 13:28 | Black Gunpowder |
| 13:31 | Studded Leather Armor |
| 13:33 | Iron Forged Swords |
| 13:33 | Iron Plating |
| 13:38 | Farm |
| 13:52 | Knight |
| 13:52 | Knight |
| 13:57 | Knight |
| 14:02 | Guard Tower |
| 14:05 | Guard Tower |
| 14:10 | Flying Machine |
| 14:12 | Mortar Team |
| 14:14 | Mortar Team |
| 14:38 | Guard Tower |
| 14:42 | Mortar Team |
| 14:46 | Scout Tower |
| 14:47 | Scout Tower |
| 15:11 | Mortar Team |
| 15:17 | Sorceress Adept Training |
| 15:22 | Guard Tower |
| 15:29 | Mortar Team |
| 15:40 | Guard Tower |
| 16:24 | Sorceress Master Training |
| 16:37 | Scroll of Regeneration |
| 16:41 | Scroll of Regeneration |
| 16:41 | Orb of Fire |
| 16:49 | Mortar Team |
| 16:54 | Mortar Team |
| 16:59 | Bash |
| 17:27 | Fragmentation Shards |
| 17:32 | Mortar Team |
| 17:34 | Flare |
| 17:40 | Sorceress |
| 18:04 | Town Hall |
| 18:18 | Sorceress |
| 18:30 | Mortar Team |
| 18:38 | Sorceress |
| 18:39 | Magic Sentry |
| 18:47 | Refined Gunpowder |
| 19:14 | Reinforced Leather Armor |
| 20:07 | Scroll of Town Portal |
| 21:35 | Town Hall |
| 22:34 | Scroll of Regeneration |
| 22:37 | Scroll of Regeneration |
| 22:38 | Lesser Clarity Potion |
| 22:47 | Brilliance Aura |
| 23:01 | Guard Tower |
| 25:25 | Peasant |
| 25:25 | Peasant |
| 25:26 | Peasant |
| 25:26 | Peasant |
| 26:40 | Town Hall |
| 26:54 | Town Hall |
| Right click | 841 |
| Select | 534 |
| Select group | 228 |
| Build/train/purchase | 156 |
| Misc. action | 96 |
| Use ability | 69 |
| Chat | 49 |
| Assign group | 48 |
| Esc | 7 |
| Item give/drop | 5 |
25 units @ 3.3k
/ 0.3k
18 buildings @ 1.8k
/ 0.8k

| Scroll of Regeneration | 2 | 200 |
| total: | 2 | 200g |
| Peasant | 14 | 1050 | / | 0 |
| Rifleman | 11 | 2255 | / | 330 |
| total: | 25 | 3305g | / | 330w |
| Scout Tower | 7 | 210 | / | 140 |
| Arcane Tower | 5 | 350 | / | 250 |
| Farm | 5 | 400 | / | 100 |
| Altar of Kings | 1 | 180 | / | 50 |
| Blacksmith | 1 | 140 | / | 60 |
| Barracks | 1 | 160 | / | 60 |
| Arcane Vault | 1 | 130 | / | 30 |
| Town Hall | 1 | 385 | / | 205 |
| Arcane Sanctum | 1 | 150 | / | 140 |
| Keep | 1 | 320 | / | 210 |
| total: | 18 | 1755g | / | 785w |
| 0:02 | Peasant |
| 0:02 | Peasant |
| 0:08 | Farm |
| 0:12 | Altar of Kings |
| 0:13 | Peasant |
| 0:13 | Peasant |
| 0:29 | Peasant |
| 0:34 | Peasant |
| 0:48 | Farm |
| 0:56 | Peasant |
| 0:57 | Peasant |
| 1:19 | Peasant |
| 1:35 | Blacksmith |
| 1:38 | Peasant |
| 1:59 | Barracks |
| 2:03 | Peasant |
| 2:12 | Farm |
| 2:13 | Farm |
| 2:14 | Peasant |
| 2:20 | Peasant |
| 2:44 | Scout Tower |
| 2:47 | Arcane Vault |
| 2:49 | Peasant |
| 2:54 | Howl of Terror |
| 3:04 | Rifleman |
| 3:14 | Farm |
| 3:21 | Arcane Tower |
| 3:39 | Rifleman |
| 4:00 | Rifleman |
| 4:21 | Rifleman |
| 4:46 | Rifleman |
| 5:15 | Cleaving Attack |
| 5:26 | Town Hall |
| 5:29 | Scout Tower |
| 5:30 | Scout Tower |
| 6:04 | Arcane Tower |
| 6:04 | Arcane Tower |
| 6:34 | Howl of Terror |
| 6:46 | Rifleman |
| 6:49 | Rifleman |
| 7:00 | Rifleman |
| 7:24 | Keep |
| 7:29 | Scroll of Regeneration |
| 7:33 | Scout Tower |
| 7:34 | Scout Tower |
| 7:39 | Scout Tower |
| 7:40 | Scout Tower |
| 7:47 | Scroll of Regeneration |
| 8:02 | Rifleman |
| 8:05 | Arcane Tower |
| 8:33 | Rifleman |
| 8:35 | Arcane Tower |
| 8:43 | Cleaving Attack |
| 8:46 | Rifleman |
| 9:48 | Arcane Sanctum |
| Select group | 590 |
| Right click | 408 |
| Select | 185 |
| Misc. action | 140 |
| Build/train/purchase | 61 |
| Assign group | 20 |
| Chat | 20 |
| Use ability | 1 |
⇛